SNL (28 & UNDER)
MONTGOMERY BISCUITS @ BLACKIRON DRAGONS
08/10/2029
 
TOP OF THE 1ST
Montgomery Biscuits batting - Pitching for BlackIron Dragons : RHP Eddie Huber
Pitching: RHP Eddie Huber
Batting: RHB Frederick Curtis 0-0: Called Strike
0-1: Swinging Strike
0-2: SINGLE (Groundball, 25) (infield hit)
Batting: RHB Reinaldo Amarante 0-0: Ball
Frederick Curtis steals 2nd base
1-0: Foul Ball, location: 2F
1-1: Ball
2-1: Foul Ball, location: 2F
2-2: Strikes out swinging
Batting: RHB Lorenzo Tamayo 0-0: Called Strike
0-1: Ball
1-1: Foul Ball, location: 2F
1-2: Ball
2-2: Ball
3-2: Strikes out looking
Batting: SHB Marvin López 0-0: Called Strike
0-1: Swinging Strike
0-2: Strikes out swinging
Top of the 1st over - 0 runs, 1 hit, 0 errors, 1 left on base; Montgomery 0 - BlackIron 0
BOTTOM OF THE 1ST
BlackIron Dragons batting - Pitching for Montgomery Biscuits : RHP Brian Barker
Pitching: RHP Brian Barker
Batting: LHB Miguel García 0-0: Called Strike
0-1: SINGLE (Flyball, 9S)
Batting: RHB Bernardo Corona 0-0: Ball
1-0: Called Strike
1-1: Ball
2-1: Fly out, F3 (Popup, 23F)
Batting: SHB Félix Montoya 0-0: Ball
1-0: Foul Ball, location: 2F
1-1: Fielders Choice at 2nd, 4-6 (Groundball, 4M)
Batting: LHB José Martínez 0-0: Ball
Félix Montoya steals 2nd base
1-0: Swinging Strike
1-1: Ball
2-1: Ball
3-1: Base on Balls
Batting: RHB Doug O'Brien 0-0: Ground out 1-3 (Groundball, 15S)
Bottom of the 1st over - 0 runs, 1 hit, 0 errors, 2 left on base; Montgomery 0 - BlackIron 0
TOP OF THE 2ND
Montgomery Biscuits batting - Pitching for BlackIron Dragons : RHP Eddie Huber
Batting: SHB Pancho Ruíz 0-0: Ball
1-0: Foul Ball, location: 2F
1-1: Foul Ball, location: 2F
1-2: Ground out U3 (Groundball, 3)
Batting: RHB Bob McDonald 0-0: Called Strike
0-1: Ground out 5-3 (Groundball, 56)
Batting: LHB José Martínez 0-0: Ball
1-0: Called Strike
1-1: Called Strike
1-2: Strikes out swinging
Top of the 2nd over - 0 runs, 0 hits, 0 errors, 0 left on base; Montgomery 0 - BlackIron 0
BOTTOM OF THE 2ND
BlackIron Dragons batting - Pitching for Montgomery Biscuits : RHP Brian Barker
Batting: RHB Brady McIntyre 0-0: Ball
1-0: Ground out 1-3 (Groundball, P)
Batting: LHB Milo Glenn 0-0: Ball
1-0: Ball
2-0: Ball
3-0: Base on Balls
Batting: RHB Randall Walker 0-0: Fly out, F6 (Line Drive, 6)
Batting: RHB Luis Méndez 0-0: Ball
1-0: Called Strike
1-1: Called Strike
1-2: Strikes out looking
Bottom of the 2nd over - 0 runs, 0 hits, 0 errors, 1 left on base; Montgomery 0 - BlackIron 0
TOP OF THE 3RD
Montgomery Biscuits batting - Pitching for BlackIron Dragons : RHP Eddie Huber
Batting: SHB Lawrence Farley 0-0: Ball
1-0: Foul Ball, location: 2F
1-1: Swinging Strike
1-2: Ball
2-2: Foul Ball, location: 2F
2-2: Ball
3-2: Base on Balls
Batting: SHB Joe Pierce 0-0: DOUBLE (Flyball, 8LXD)
Lawrence Farley to third
Runner from 3rd tries for Home, SAFE, no throw
Batting: RHB Frederick Curtis 0-0: Ball
1-0: Swinging Strike
1-1: Foul Ball, location: 2F
1-2: Foul Ball, location: 2F
1-2: Ball
2-2: Ground out 6-3 (Groundball, 6)
Batting: RHB Reinaldo Amarante 0-0: Foul Ball, location: 2F
0-1: Foul Ball, location: 2F
0-2: Strikes out swinging
Batting: RHB Lorenzo Tamayo 0-0: Fly out, F8 (Flyball, 8RM)
Top of the 3rd over - 1 run, 1 hit, 0 errors, 1 left on base; Montgomery 1 - BlackIron 0
BOTTOM OF THE 3RD
BlackIron Dragons batting - Pitching for Montgomery Biscuits : RHP Brian Barker
Batting: LHB Miguel García 0-0: Called Strike
0-1: Fly out, F9 (Flyball, 9S)
Batting: RHB Bernardo Corona 0-0: Called Strike
0-1: Ball
1-1: Ground out 6-3 (Groundball, 56)
Batting: SHB Félix Montoya 0-0: Called Strike
0-1: Ball
1-1: Called Strike
1-2: Strikes out swinging
Bottom of the 3rd over - 0 runs, 0 hits, 0 errors, 0 left on base; Montgomery 1 - BlackIron 0
TOP OF THE 4TH
Montgomery Biscuits batting - Pitching for BlackIron Dragons : RHP Eddie Huber
Batting: SHB Marvin López 0-0: Ball
1-0: SINGLE (Flyball, 89S)
Batting: SHB Pancho Ruíz 0-0: Called Strike
0-1: Ball
1-1: Ball
2-1: SINGLE (Flyball, 89S)
Marvin López to second
Runner from 2nd tries for 3rd, SAFE, no throw
Batting: RHB Bob McDonald 0-0: Ball
1-0: Ball
2-0: Ball
3-0: Base on Balls
Pancho Ruíz to second
Batting: LHB José Martínez 0-0: Grounds into double play, 6-4-3 (Groundball, 6)
Marvin López scores
Pancho Ruíz to third
Batting: SHB Lawrence Farley 0-0: Ball
1-0: Ball
2-0: Ball
3-0: Called Strike
3-1: Foul Ball, location: 2F
3-2: Ground out 5-3 (Groundball, 5)
Top of the 4th over - 1 run, 2 hits, 0 errors, 1 left on base; Montgomery 2 - BlackIron 0
BOTTOM OF THE 4TH
BlackIron Dragons batting - Pitching for Montgomery Biscuits : RHP Brian Barker
Batting: LHB José Martínez 0-0: Called Strike
0-1: Ball
1-1: Ball
2-1: Foul Ball, location: 2F
2-2: Ball
3-2: Base on Balls
Batting: RHB Doug O'Brien 0-0: Ball
1-0: Called Strike
1-1: Ball
2-1: Foul Ball, location: 2F
2-2: Grounds into double play, 1-4-3 (Groundball, 15)
Batting: RHB Brady McIntyre 0-0: Ball
1-0: Foul Ball, location: 2F
1-1: Ball
2-1: Foul Ball, location: 2F
2-2: Ball
3-2: Ground out 4-3 (Groundball, 4)
Bottom of the 4th over - 0 runs, 0 hits, 0 errors, 0 left on base; Montgomery 2 - BlackIron 0
TOP OF THE 5TH
Montgomery Biscuits batting - Pitching for BlackIron Dragons : RHP Eddie Huber
Batting: SHB Joe Pierce 0-0: Fly out, F4 (Popup, 4)
Batting: RHB Frederick Curtis 0-0: Called Strike
0-1: Foul Ball, location: 2F
0-2: Ball
1-2: Foul Ball, location: 2F
1-2: Ball
2-2: Foul Ball, location: 2F
2-2: Ball
3-2: Strikes out looking
Batting: RHB Reinaldo Amarante 0-0: Ball
1-0: SOLO HOME RUN (Flyball, 7D), Distance : 409 ft
Batting: RHB Lorenzo Tamayo 0-0: Foul Ball, location: 2F
0-1: Ball
1-1: Ball
2-1: Called Strike
2-2: Fly out, F5 (Popup, 5S)
Top of the 5th over - 1 run, 1 hit, 0 errors, 0 left on base; Montgomery 3 - BlackIron 0
BOTTOM OF THE 5TH
BlackIron Dragons batting - Pitching for Montgomery Biscuits : RHP Brian Barker
Batting: LHB Milo Glenn 0-0: Ball
1-0: Ball
2-0: Ball
3-0: Called Strike
3-1: Foul Ball, location: 2F
3-2: Ground out 4-3 (Groundball, 4)
Batting: RHB Randall Walker 0-0: Ball
1-0: Called Strike
1-1: Ball
2-1: Swinging Strike
2-2: Fly out, F7 (Line Drive, 7)
Batting: RHB Luis Méndez 0-0: Ball
1-0: Ball
2-0: Foul Ball, location: 2F
2-1: Ball
3-1: Ground out 6-3 (Groundball, 6)
Bottom of the 5th over - 0 runs, 0 hits, 0 errors, 0 left on base; Montgomery 3 - BlackIron 0
TOP OF THE 6TH
Montgomery Biscuits batting - Pitching for BlackIron Dragons : RHP Eddie Huber
Batting: SHB Marvin López 0-0: Ball
1-0: Swinging Strike
1-1: Fly out, F9 (Flyball, 9D)
Batting: SHB Pancho Ruíz 0-0: Foul Ball, location: 2F
0-1: Called Strike
0-2: Strikes out looking
Batting: RHB Bob McDonald 0-0: Ball
1-0: Foul Ball, location: 2F
1-1: Ground out 5-3 (Groundball, 5)
Top of the 6th over - 0 runs, 0 hits, 0 errors, 0 left on base; Montgomery 3 - BlackIron 0
BOTTOM OF THE 6TH
BlackIron Dragons batting - Pitching for Montgomery Biscuits : RHP Brian Barker
Batting: LHB Miguel García 0-0: Called Strike
0-1: Ball
1-1: Ball
2-1: Foul Ball, location: 2F
2-2: SINGLE (Groundball, 3D)
Batting: RHB Bernardo Corona 0-0: Foul Ball, location: 2F
0-1: Ball
1-1: Ball
2-1: Foul Ball, location: 2F
2-2: SINGLE (Groundball, 34D)
Miguel García to second
Runner from 2nd tries for 3rd, SAFE, throw made to third
Batting: SHB Félix Montoya 0-0: Ball
1-0: Ball
2-0: Called Strike
2-1: Foul Ball, location: 2F
2-2: Fly out, F8 (Flyball, 8LM)
Runner from 3rd tags up, OUT at HOME
Bernardo Corona to second
Batting: LHB José Martínez 0-0: Swinging Strike
0-1: Foul Ball, location: 2F
0-2: Strikes out swinging
Bottom of the 6th over - 0 runs, 2 hits, 0 errors, 1 left on base; Montgomery 3 - BlackIron 0
TOP OF THE 7TH
Montgomery Biscuits batting - Pitching for BlackIron Dragons : RHP Eddie Huber
Batting: LHB José Martínez 0-0: Called Strike
0-1: Ball
1-1: Foul Ball, location: 2F
1-2: Foul Ball, location: 2F
1-2: Foul Ball, location: 2F
1-2: Ball
2-2: Ball
3-2: Strikes out swinging
Batting: SHB Lawrence Farley 0-0: Ball
1-0: Ball
2-0: Foul Ball, location: 2F
2-1: Ball
3-1: Base on Balls
Batting: SHB Joe Pierce 0-0: Foul Ball, location: 2F
0-1: Ball
1-1: Swinging Strike
1-2: Ball
2-2: Strikes out swinging
Batting: RHB Frederick Curtis 0-0: Swinging Strike
0-1: Ball
1-1: DOUBLE (Line Drive, 7LM)
Lawrence Farley to third
Runner from 3rd tries for Home, SAFE, no throw
Pitching: LHP Nick Walters
Batting: RHB Reinaldo Amarante 0-0: Ball
1-0: Ball
2-0: Called Strike
2-1: Swinging Strike
2-2: Strikes out swinging
Top of the 7th over - 1 run, 1 hit, 0 errors, 1 left on base; Montgomery 4 - BlackIron 0
BOTTOM OF THE 7TH
BlackIron Dragons batting - Pitching for Montgomery Biscuits : RHP Brian Barker
Batting: RHB Doug O'Brien 0-0: Ground out 5-3 (Groundball, 56)
Batting: RHB Brady McIntyre 0-0: Ball
1-0: Foul Ball, location: 2F
1-1: Swinging Strike
1-2: Strikes out looking
Batting: LHB Milo Glenn 0-0: SOLO HOME RUN (Flyball, 8RXD), Distance : 438 ft
Batting: RHB Randall Walker 0-0: Fly out, F8 (Flyball, 8LS)
Bottom of the 7th over - 1 run, 1 hit, 0 errors, 0 left on base; Montgomery 4 - BlackIron 1
TOP OF THE 8TH
Montgomery Biscuits batting - Pitching for BlackIron Dragons : LHP Nick Walters
Batting: RHB Lorenzo Tamayo 0-0: Ball
1-0: Foul Ball, location: 2F
1-1: Ball
2-1: Fly out, F6 (Line Drive, 6)
Batting: SHB Marvin López 0-0: Ball
1-0: Called Strike
1-1: Foul Ball, location: 2F
1-2: Ball
2-2: Fly out, F7 (Flyball, 78D)
Batting: SHB Pancho Ruíz 0-0: Ball
1-0: Swinging Strike
1-1: Ball
2-1: Foul Ball, location: 2F
2-2: Strikes out swinging
Top of the 8th over - 0 runs, 0 hits, 0 errors, 0 left on base; Montgomery 4 - BlackIron 1
BOTTOM OF THE 8TH
BlackIron Dragons batting - Pitching for Montgomery Biscuits : RHP Brian Barker
Now at C: Wilson Bray
Now in CF: Hoyt Norris
Batting: RHB Luis Méndez 0-0: Foul Ball, location: 2F
0-1: Foul Ball, location: 2F
0-2: Fly out, F7 (Flyball, 78D)
Batting: LHB Miguel García 0-0: Called Strike
0-1: Called Strike
0-2: Ball
1-2: SINGLE (Flyball, 9LS)
Pitching: LHP Wilson Romero
Batting: RHB Bernardo Corona 0-0: Ball
1-0: Ball
2-0: Ball
3-0: Called Strike
3-1: Called Strike
3-2: SINGLE (Groundball, 6MD)
Miguel García to second
Runner from 2nd tries for 3rd, SAFE, no throw
Batting: SHB Félix Montoya 0-0: Ball
1-0: Called Strike
1-1: Called Strike
1-2: Ball
2-2: Fly out, F8 (Flyball, 8LD)
Runner from 3rd tags up, SCORES, throw made
Batting: LHB José Martínez 0-0: Ball
1-0: Ground out 3-1 (Groundball, 34S)
Bottom of the 8th over - 1 run, 2 hits, 0 errors, 1 left on base; Montgomery 4 - BlackIron 2
TOP OF THE 9TH
Montgomery Biscuits batting - Pitching for BlackIron Dragons : LHP Nick Walters
Pitching: RHP Julián Romero
Batting: RHB Bob McDonald 0-0: Called Strike
0-1: Swinging Strike
0-2: Ball
1-2: Ball
2-2: Strikes out swinging
Batting: LHB José Martínez 0-0: Ball
1-0: SINGLE (Groundball, 3D)
Batting: SHB Lawrence Farley 0-0: Foul Ball, location: 2F
0-1: Ball
1-1: Grounds into double play, 6-4-3 (Groundball, 6)
Top of the 9th over - 0 runs, 1 hit, 0 errors, 0 left on base; Montgomery 4 - BlackIron 2
BOTTOM OF THE 9TH
BlackIron Dragons batting - Pitching for Montgomery Biscuits : LHP Wilson Romero
Pitching: RHP Clancy Steele
Now at 1B: Kenneth Cruz
Batting: RHB Doug O'Brien 0-0: Ball
1-0: Ball
2-0: Called Strike
2-1: SINGLE (Line Drive, 89S)
Batting: RHB Brady McIntyre 0-0: Swinging Strike
0-1: Foul Ball, location: 2F
0-2: Foul Ball, location: 2F
0-2: Foul Ball, location: 2F
0-2: Strikes out swinging
Batting: LHB Milo Glenn 0-0: Ball
1-0: Foul Ball, location: 2F
1-1: Fielders Choice at 2nd, 1-6 (Groundball, 13)
Pinch Hitting: RHB Jimmy King 0-0: Swinging Strike
0-1: Ball
1-1: Fly out, F8 (Line Drive, 78XD)
Bottom of the 9th over - 0 runs, 1 hit, 0 errors, 1 left on base; Montgomery 4 - BlackIron 2
Saturday, December 16th, 2017 - OOTP Baseball 18.8 Build 76